 Dungeon Crawl Stone Soup version 0.31.0-32-g396128a36d (webtiles) character file.

Game seed: 8384113847396797453

404 Doomgape the Shield-Bearer (level 6, -2/60 HPs)
             Began as a Gargoyle Fighter on Apr 4, 2024.
             Slain by a gnoll
             ... wielding a +0 club
              (6 damage)
             ... on level 3 of the Dungeon.
             The game lasted 00:09:33 (3164 turns).

Doomgape the Shield-Bearer (Gargoyle Fighter)       Turns: 3164, Time: 00:09:33

Health: -2/60      AC: 19    Str: 28    XL:     6   Next: 86%
Magic:  6/6        EV:  7    Int:  8    God:
Gold:   207        SH:  4    Dex:  9    Spells: 5/5 levels left

rFire   . . .        a - +0 flail
rCold   . . .        c - +0 buckler
rNeg    + . .        f - +0 plate armour
rPois   ∞            (no helmet)
rElec   +            (no cloak)
rCorr   .            q - +2 pair of gloves
SInv    .            (no boots)
Will    .....        (no amulet) Stlth
                     o - +6 ring of strength
HPRegen 0.30/turn    (no ring)
MPRegen 0.10/turn

%: no passive effects
@: berserking, very quick
A: sickness immunity, AC +4, negative energy resistance 1, electricity
resistance, torment resistance 1, petrification resistance
a: no special abilities


You were on level 3 of the Dungeon.
You visited 1 branch of the dungeon, and saw 4 of its levels.

You collected 207 gold pieces.

Inventory:

Hand Weapons
 a - a +0 flail (weapon)
Missiles
 g - 2 throwing nets (quivered)
Armour
 c - a +0 buckler (worn)
 f - a +0 plate armour (worn)
 q - a +2 pair of gloves (worn)
Jewellery
 m - a ring of fire
 o - a +6 ring of strength (left hand)
Wands
 n - a wand of charming (8)
Scrolls
 h - a scroll of teleportation
 i - 2 scrolls of fear
 k - a scroll of identify
Potions
 d - a potion of might
 e - a potion of curing {unknown}
 l - 2 potions of haste
 p - a potion of mutation {unknown}


   Skills:
 + Level 4.9 Fighting
 + Level 3.9 Maces & Flails
 + Level 4.9 Armour
 + Level 5.0 Shields


You had 5 spell levels left.
You didn't know any spells.
Your spell library was empty.

Dungeon Overview and Level Annotations

Branches:
Dungeon (4/15)
 Temple: D:4-7

Altars:
The Shining One


Innate Abilities, Weirdness & Mutations

You are immune to sickness and miasma.
Your stone body is resilient. (AC +4)
You are immune to poison.
You resist negative energy. (rN+)
You are resistant to electric shocks. (rElec)
You are resistant to unholy torment.
You are immune to petrification.


Message History

You hit the orc priest.
The orc priest is moderately wounded.
You block something's attack.
The orc priest hits you but does no damage.
The gnoll hits you with a +0 club. Something hits you.
The orc priest hits you but does no damage.
You sock the orc priest!
You kill the orc priest!
The gnoll hits you with a +0 club. You block something's attack.
The gnoll hits you with a +0 club.
* * * LOW HITPOINT WARNING * * *
Your Shields skill increases to level 5!
Something hits you but does no damage.
Items here: )))) ††.
You closely miss something. Something hits you but does no damage.
The gnoll hits you but does no damage.
You miss something. Something hits you.
* * * LOW HITPOINT WARNING * * *
The gnoll hits you with a +0 club.
* * * LOW HITPOINT WARNING * * *
You sock something! Something hits you but does no damage.
The gnoll hits you with a +0 club.
* * * LOW HITPOINT WARNING * * *
You miss something. Something hits you but does no damage.
The gnoll barely misses you.
You hear some strange, mumbled words.
A magic dart appears from out of thin air!
The magic dart hits you but does no damage.
Unknown command.
It was a potion of berserk rage.
A red film seems to cover your vision as you go berserk!
You feel yourself moving faster!
You feel mighty! The gnoll hits you but does no damage.
Something hits you but does no damage.
You barely miss something. The gnoll hits you with a +0 club.
* * * LOW HITPOINT WARNING * * *
You barely miss something. Something hits you but does no damage.
The gnoll hits you but does no damage.
You closely miss something. You block something's attack.
The gnoll hits you with a +0 club.
You die...

####.............###....# #.....
#..........##..##....# #.....
#........#..##.##....# #.....
#....................####)....
###....####.###.#........)....
#......##.....#........†....
####.%#....#####.............##
#.....#....#####...#.#.......##
###....[..#....g@......#.......##
...............[{................
...#...........#..##......######.
####.........#.#..........# #.
###.........#.........#..# ##.
#>†.#####.............##.# #..
##.####.....##............### #..
#..........##..........##...###.#
.....##.......)........###...##.#


You could see a gnoll.

Vanquished Creatures
  An orc priest (D:3)
  Crazy Yiuf (D:3)
  A gnoll bouda (D:3)
  Natasha (thrice) (D:3)
  An orc wizard (D:3)
  Robin (D:3)
  3 gnolls (D:3)
  7 adders
  3 dart slugs
  2 ribbon worms (D:3)
  6 orcs (D:3)
  10 endoplasms
  2 giant cockroaches
  14 goblins
  6 hobgoblins
  A jackal (D:3)
  10 kobolds
  5 quokkas
  7 ball pythons
  5 bats
  4 frilled lizards
  6 rats
99 creatures vanquished.

Notes
Turn   | Place    | Note
-------+----------+-------------------------------------------
     0 | D:1      | Doomgape the Gargoyle Fighter began the quest for the Orb.
     0 | D:1      | Reached XP level 1. HP: 14/14 MP: 1/1
   150 | D:1      | Reached XP level 2. HP: 13/19 MP: 2/2
   533 | D:1      | Reached XP level 3. HP: 23/23 MP: 3/3
  1155 | D:2      | Found a faded altar of an unknown god.
  1179 | D:2      | Reached XP level 4. HP: 24/29 MP: 4/4
  1470 | D:2      | Reached skill level 4 in Shields
  1952 | D:3      | Noticed Robin
  2166 | D:3      | Killed Robin
  2289 | D:3      | Reached XP level 5. HP: 27/33 MP: 5/5
  2340 | D:3      | Noticed Natasha
  2359 | D:3      | Killed Natasha
  2594 | D:3      | Found a runed translucent door.
  2595 | D:3      | Noticed Crazy Yiuf
  2602 | D:3      | Killed Crazy Yiuf
  2603 | D:3      | Reached XP level 6. HP: 36/39 MP: 6/6
  2671 | D:3      | Found a glowing golden altar of the Shining One.
  2728 | D:3      | Noticed Natasha
  2736 | D:3      | Killed Natasha
  2898 | D:3      | Noticed Natasha
  2904 | D:3      | Killed Natasha
  3156 | D:3      | Reached skill level 5 in Shields
  3162 | D:3      | HP: 3/60 [gnoll/+0 club (2)]
  3164 | D:3      | Slain by a gnoll

Illustrated notes

Levels and vault maps discovered:
D:1:      saegor_arrival_simple_c, layout_basic, minmay_tromino_i2
D:2:      layout_basic, hellmonk_ecumenical_altar_leap_of_faith
D:3:      minmay_angry_zag, layout_rooms, mainiacjoe_overflow_alcove_2,
          uniq_robin, uniq_crazy_yiuf_cottage, uniq_natasha
D:4:      layout_loops_ring, lemuel_tele_altar,
          chequers_temple_overflow_minitemple, minmay_temple_entry_ruins,
          hangedman_decor_growths, serial_bayou_pond_e,
          nicolae_shop_i_like_big_books

Skill      XL: |  1  2  3  4  5  6 |
---------------+-------------------+-----
Shields        | 4 5 |  5.0
Fighting       | 4 |  4.9
Armour         | 4 |  4.9
Maces & Flails | 3 |  3.9

Action                     |  1- 3 |  4- 6 || total
---------------------------+-------+-------++-------
  Melee: Flail             |   122 |   252 ||   374
    Use: Scroll            |       |     7 ||     7
         Potion            |       |     1 ||     1
 Armour: Scale mail        |    15 |       ||    15
         Plate armour      |   117 |   344 ||   461
  Dodge: Dodged            |    30 |   121 ||   151
  Block: Buckler           |    26 |    82 ||   108
